 Dungeon Crawl Stone Soup version 0.30.1-9-gdf580d7c3d (webtiles) character file.

Game seed: 3240730663780601412

34 H0rd4k the Charlatan (level 3, -2/23 HPs)
             Began as an Octopode Artificer on Sept 28, 2023.
             Slain by an iguana (13 damage)
             ... on level 2 of the Dungeon.
             The game lasted 00:02:10 (1054 turns).

H0rd4k the Charlatan (Octopode Artificer)           Turns: 1054, Time: 00:02:11

Health: -2/23      AC:  1    Str: 11    XL:     3   Next: 31%
Magic:  3/3        EV: 13    Int: 15    God:
Gold:   69         SH:  0    Dex: 12    Spells: 2/2 levels left

rFire   x . .        (no weapon)
rCold   + . .        (no shield)
rNeg    + . .        (helmet restricted)
rPois   .            (no amulet)
rElec   .            f - ring of positive energy
rCorr   .            h - ring of ice
SInv    .            (no ring)
Will    .....        (no ring)
Stlth   +++          (no ring)
HPRegen 0.23/turn    (no ring)
MPRegen 0.08/turn    (no ring)
                     (no ring)

%: no passive effects
@: no status effects
A: almost no armour, amphibious, 8 rings, camouflage 1, gelatinous body 1,
(nimble swimmer 1), tentacles
a: no special abilities


You were on level 2 of the Dungeon.
You visited 1 branch of the dungeon, and saw 2 of its levels.

You collected 69 gold pieces.

Inventory:

Jewellery
 f - a ring of positive energy (left tentacle)
 h - a ring of ice (right tentacle)
Wands
 b - a wand of flame (15) (quivered)
 c - a wand of charming (15)
 d - a wand of iceblast (5)
Scrolls
 g - a scroll of teleportation {unknown}
 k - a scroll of acquirement {unknown}
Potions
 a - a potion of haste {unknown}
 e - a potion of curing {unknown}
 i - a potion of invisibility {unknown}
 j - 2 potions of lignification {unknown}
 l - a potion of flight {unknown}


   Skills:
 + Level 1.1 Fighting
 + Level 2.7 Dodging
 - Level 1.3 Stealth
 + Level 0.5 Unarmed Combat
 + Level 4.3 Evocations


You had 2 spell levels left.
You didn't know any spells.
Your spell library was empty.

Dungeon Overview and Level Annotations

Branches:
Dungeon (2/15)

Altars:


Innate Abilities, Weirdness & Mutations

You cannot wear most types of armour.
You are amphibious.
You can wear up to eight rings at the same time.
Your skin changes colour to match your surroundings (Stealth+).
Your rubbery body absorbs attacks. (AC +1, EV +1)
((You are camouflaged when in or above water. (Stealth+)))
You have tentacles for arms and can constrict up to eight enemies at once.


Message History

You tentacle-slap the worm.
The worm is heavily wounded.
You constrict the worm. The worm bites you.
You tentacle-slap the worm but do no damage.
The worm is heavily wounded.
You constrict the worm. The worm bites you.
You tentacle-slap the worm but do no damage.
The worm is heavily wounded.
You constrict the worm.
You tentacle-slap the worm but do no damage.
You squeeze the worm.
The worm is almost dead.
You constrict the worm.
You kill the worm!
You see here a worm corpse.
You are too injured to fight recklessly!
You now have 69 gold pieces (gained 16).
You open the door.
An iguana comes into view.
An iguana is nearby!
The iguana hisses angrily.
There is an open door here.
An iguana is nearby!
An iguana is nearby!
You barely miss the iguana. You grab the iguana.
You constrict the iguana, but do no damage.
The iguana barely misses you.
You barely miss the iguana. You constrict the iguana. The iguana misses you.
You tentacle-slap the iguana.
The iguana is lightly wounded.
You constrict the iguana. The iguana bites you!
You tentacle-slap the iguana but do no damage.
The iguana is moderately wounded.
You constrict the iguana, but do no damage.
The iguana bites you.
You tentacle-slap the iguana but do no damage.
The iguana is moderately wounded.
You constrict the iguana. The iguana bites you!
Ouch! That really hurt!
You die...

##### ### ###########
#...# #.# #.........#
#...# #.# #.........#
#...####.###.........#
.†...................#
#....###.##....#######
.........#.....'@l...#
.......#.#.....#####.#
.....#.#.#......#
.....#.#.#......#
......<#...#....#
..#....#####.####
..'..........
..#...#####..
..##........


You could see an iguana.

Vanquished Creatures
  A worm (D:2)
  A dart slug (D:1)
  5 goblins
  5 hobgoblins
  A quokka (D:1)
  4 ball pythons (D:1)
  3 bats (D:1)
  A frilled lizard (D:1)
  3 kobolds
  4 rats (D:1)
28 creatures vanquished.

Notes
Turn   | Place    | Note
-------+----------+-------------------------------------------
     0 | D:1      | H0rd4k the Octopode Artificer began the quest for the Orb.
     0 | D:1      | Reached XP level 1. HP: 13/13 MP: 1/1
    82 | D:1      | Reached XP level 2. HP: 16/18 MP: 2/2
   185 | D:1      | Reached skill level 4 in Evocations
   435 | D:1      | Reached XP level 3. HP: 22/23 MP: 3/3
  1054 | D:2      | Slain by an iguana

Illustrated notes

Levels and vault maps discovered:
D:1:      saegor_arrival_miasma, layout_basic
D:2:      layout_basic, basic_altar, minmay_tree_intersection,
          kennysheep_generic_room_15

Skill      XL: |  1  2 |
---------------+-------+-----
Evocations     | 4 |  4.3
Fighting       | |  1.1
Dodging        | |  2.7
Stealth        | |  1.3
Unarmed Combat | |  0.5

Action                     || total
---------------------------++-------
  Melee: Unarmed           ||    63
         Constrict         ||    26
         Tentacles         ||    21
   Stab: Sleeping          ||     9
 Armour: Skin              ||     6
  Dodge: Dodged            ||    39
